 Dungeon Crawl Stone Soup version 0.30-a0-172-gc5509c9e31 (webtiles) character file.

Game seed: 4927907827487154883

610850 Flugkiller the Worldbinder (level 26, -14/211 HPs)
             Began as a Mummy Ice Elementalist on Oct 1, 2022.
             Was a High Priest of Sif Muna.
             Killed from afar by an orb of fire (27 damage)
             ... with a bolt of fire
             ... on level 5 of the Realm of Zot.
             The game lasted 03:37:12 (101986 turns).

Flugkiller the Worldbinder (MuIE)                 Turns: 101986, Time: 03:37:13

Health: -14/211    AC: 15    Str: 14 (15) XL:     26   Next: 75%
Magic:  0/56       EV: 22    Int: 25 (28) God:    Sif Muna [*****.]
Gold:   6575       SH:  7    Dex: 20 (22) Spells: 7/65 levels left

rFire   + + .      SeeInvis .    G - +9 sling "Uppaul" {speed, Fragile rElec rF++ rN+}
rCold   + + +      Faith    +    F - +1 buckler {reflect}
rNeg    + + +      Spirit   +    h - +2 robe {Archmagi}
rPois   ∞          Reflect  +    e - +2 helmet
rElec   +          Harm     .    n - +2 cloak
rCorr   .          Rampage  +    I - +1 pair of gloves of Impatience {-Tele rElec rC+ Dex+4}
Will    +++..      Archmagi +    K - +2 pair of boots {rampage}
Stlth   ++........ NoTele   +    L - amulet of guardian spirit
HPRegen 0.55/turn                m - ring "Rust" {rF+ MP+9 Int+5}
MPRegen 0.35/turn                P - ring of Iqeih {Wiz rC+ rN+ Dex+6}

@: marked, on dragon call cooldown, studying Invocations
A: cold resistance 1, negative energy resistance 3, torment resistance 2, heat
vulnerability 1, in touch with death 2, no potions, faith
}: 3/15 runes: decaying, serpentine, slimy
a: Renounce Religion, Channel Magic, Forget Spell, Divine Exegesis


You were on level 5 of the Realm of Zot.
You worshipped Sif Muna.
Sif Muna was extremely pleased with you.
You visited 11 branches of the dungeon, and saw 54 of its levels.
You also visited: Ossuary, Bailey, Gauntlet, Ice Cave and Wizlab.

You collected 8963 gold pieces.
You spent 2388 gold pieces at shops.

Inventory:

Hand Weapons
 c - the +6 arbalest "Damnation" {damnation}
   (You bought it in a shop on level 2 of the Orcish Mines)

   Any ammunition fired from it explodes in a burst of damnation on striking a
   foe, dealing damage which bypasses armour.
 G - the +9 sling "Uppaul" (weapon) {speed, Fragile rElec rF++ rN+}
   (You found it on level 1 of the Swamp)

   Attacks with this weapon are significantly faster.
   rF:        It greatly protects you from fire.
   rElec:     It insulates you from electricity.
   rN:        It protects you from negative energy.
   Fragile:   It will be destroyed if unequipped.
Missiles
 k - 10 curare-tipped darts
Armour
 e - a +2 helmet (worn)
   (You found it on level 1 of the Dungeon)
 g - the +0 pair of gloves of Responsibility {rElec Will+ Slay+2}
   (You found it on level 4 of the Depths)

   Slay:      It affects your accuracy & damage with ranged weapons and melee
   (+2).
   rElec:     It insulates you from electricity.
   Will:      It increases your willpower.
 h - a +2 robe of the Archmagi (worn)
   (You took it off a deep elf annihilator on level 3 of the Elven Halls)
 n - a +2 cloak (worn)
   (You found it on level 4 of the Dungeon)
 F - a +1 buckler of reflection (worn)
   (You found it on level 10 of the Dungeon)
 I - the +1 pair of gloves of Impatience (worn) {-Tele rElec rC+ Dex+4}
   (You found it on level 3 of the Vaults)

   Dex:       It affects your dexterity (+4).
   rC:        It protects you from cold.
   rElec:     It insulates you from electricity.
   -Tele:     It prevents most forms of teleportation.
 K - a +2 pair of boots of rampaging (worn)
   (You found it on level 3 of the Lair of Beasts)
 Q - a +2 robe of resistance
   (You found it in a Gauntlet)
 T - the +0 robe of Disappointment {Fly rN++ Will+ Slay+5}
   (You took it off an ironbound preserver on level 4 of the Vaults)

   Slay:      It affects your accuracy & damage with ranged weapons and melee
   (+5).
   rN:        It greatly protects you from negative energy.
   Fly:       It grants you flight.
   Will:      It increases your willpower.
Jewellery
 a - the ring of Xom's Capriciousness {rElec Dex+6}
   (You found it on level 3 of the Crypt)

   [ring of dexterity]

   Dex:       It affects your dexterity (+6).
   rElec:     It insulates you from electricity.
 d - a +6 ring of intelligence
   (You found it on level 1 of the Swamp)
 f - a ring of protection from fire
   (You found it on level 1 of the Snake Pit)
 i - a ring of see invisible
   (You found it on level 5 of the Lair of Beasts)
 m - the ring "Rust" (left hand) {rF+ MP+9 Int+5}
   (You found it on level 5 of the Pits of Slime)

   [ring of magical power]

   Int:       It affects your intelligence (+5).
   rF:        It protects you from fire.
   MP:        It affects your magic capacity (+9).
 p - a ring of protection from cold
   (You found it on level 6 of the Dungeon)
 v - a +4 ring of evasion
   (You found it on level 1 of the Dungeon)
 w - a ring of resist corrosion
   (You found it on level 12 of the Dungeon)
 y - a ring of magical power
   (You took it off a centaur on level 9 of the Dungeon)
 E - a ring of protection from fire
   (You found it on level 1 of the Vaults)
 L - an amulet of guardian spirit (around neck)
   (You found it in a Gauntlet)
 M - the ring "Dimit" {Str+6 Dex+6 Slay+2}
   (You took it off a minotaur in a Gauntlet)

   [ring of strength]

   Str:       It affects your strength (+6).
   Dex:       It affects your dexterity (+6).
   Slay:      It affects your accuracy & damage with ranged weapons and melee
   (+2).
 P - the ring of Iqeih (right hand) {Wiz rC+ rN+ Dex+6}
   (You found it on level 5 of the Realm of Zot)

   [ring of wizardry]

   It improves your spell success rate.
   Dex:       It affects your dexterity (+6).
   rC:        It protects you from cold.
   rN:        It protects you from negative energy.
Wands
 o - a wand of light (27)
   (You found it on level 4 of the Swamp)
 u - a wand of iceblast (34)
   (You found it on level 6 of the Dungeon)
 C - a wand of mindburst (13)
   (You found it on level 1 of the Swamp)
 H - a wand of charming (37)
   (You found it on level 1 of the Lair of Beasts)
 J - a wand of digging (19)
   (You found it on level 2 of the Swamp)
Scrolls
 b - 4 scrolls of magic mapping
 l - 12 scrolls of poison
 q - a scroll of summoning
 s - 9 scrolls of fear
 t - 6 scrolls of teleportation
 x - 10 scrolls of vulnerability
 z - a scroll of torment
 A - 5 scrolls of immolation
 B - 10 scrolls of fog
 R - 3 scrolls of amnesia
 U - 7 scrolls of enchant armour
 Z - a scroll of silence
Miscellaneous
 j - a phial of floods
   (You found it on level 4 of the Depths)
 r - a phantom mirror
   (You found it on level 1 of the Snake Pit)
 N - a box of beasts
   (You found it on level 3 of the Elven Halls)
 O - a tin of tremorstones (2/2)
   (You found it in a Gauntlet)
 S - a condenser vane
   (You found it on level 3 of the Elven Halls)


   Skills:
 - Level 18.0 Fighting
 - Level 2.0 Short Blades
 - Level 14.0 Ranged Weapons
 - Level 14.0 Dodging
 - Level 1.7 Stealth
 - Level 5.0 Shields
 + Level 20.1 Spellcasting
 - Level 4.6 Hexes
 - Level 24.0 Summonings
 - Level 15.0 Necromancy
 - Level 12.0 Ice Magic
 - Level 6.0 Air Magic
 - Level 5.0 Earth Magic
 - Level 13.0 Invocations
 - Level 7.0 Evocations


You had 7 spell levels left.
You knew the following spells:

 Your Spells              Type           Power      Damage    Failure   Level
a - Death Channel         Necr           73%        N/A       1%          6
b - Yara's Violent Unrav  Hex/Tmut       26%        3d11      10%         5
c - Ozocubu's Armour      Ice            91%        N/A       1%          3
e - Simulacrum            Ice/Necr       71%        N/A       1%          6
f - Summon Lightning Spi  Summ/Air       100%       N/A       1%          4
g - Summon Mana Viper     Hex/Summ       98%        N/A       1%          5
h - Borgnjor's Vile Clut  Necr/Erth      65%        N/A       1%          5
i - Animate Dead          Necr           100%       N/A       1%          4
j - Haunt                 Necr/Summ      80%        N/A       1%          7
k - Dispel Undead         Necr           100%       3d31      1%          4
l - Dragon's Call         Summ           60%        N/A       4%          9

Your spell library contained the following spells:

 Spells                   Type           Power      Damage    Failure   Level
 Freeze                   Ice            100%       1d11      0%          1
 Necrotise                Necr           100%       1d9       0%          1
 Summon Small Mammal      Summ           100%       N/A       0%          1
 Call Imp                 Summ           100%       N/A       0%          2
 Call Canine Familiar     Summ           100%       N/A       0%          3
 Summon Guardian Golem    Hex/Summ       98%        N/A       0%          3
 Vampiric Draining        Necr           100%       2d13      0%          3
 Summon Ice Beast         Ice/Summ       100%       N/A       0%          4
 Summon Cactus Giant      Summ           60%        N/A       0%          6
 Apportation              Tloc           74%        N/A       1%          1
 Foxfire                  Conj/Fire      100%       2x1d9     1%          1
 Kiss of Death            Conj/Necr      100%       2d13      1%          1
 Magic Dart               Conj           100%       1d8       1%          1
 Sandblast                Erth           100%       2d20      1%          1
 Shock                    Conj/Air       100%       1d9       1%          1
 Slow                     Hex            100%       N/A       1%          1
 Sting                    Tmut/Pois      100%       1d8       1%          1
 Blink                    Tloc           74%        N/A       1%          2
 Cigotuvi's Dreadful Rot  Necr/Pois/Air  100%       N/A       1%          2
 Ensorcelled Hibernation  Hex/Ice        100%       N/A       1%          2
 Momentum Strike          Conj/Tloc      74%        3d10      1%          2
 Passwall                 Tmut/Erth      45%        N/A       1%          2
 Poisonous Vapours        Pois/Air       100%       N/A       1%          2
 Scorch                   Fire           74%        2d8       1%          2
 Searing Ray              Conj           74%        2d7       1%          2
 Static Discharge         Conj/Air       100%       2-7/arc   1%          2
 Confusing Touch          Hex            64%        N/A       1%          3
 Dazzling Flash           Conj/Hex       100%       N/A       1%          3
 Frozen Ramparts          Ice            100%       1d16      1%          3
 Hailstorm                Conj/Ice       70%        3d15      1%          3
 Inner Flame              Hex/Fire       53%        N/A       1%          3
 Kindle Blastsparks       Fire/Tloc/Air  100%       2d18      1%          3
 Mephitic Cloud           Conj/Pois/Air  52%        N/A       1%          3
 Portal Projectile        Hex/Tloc       100%       N/A       1%          3
 Stone Arrow              Conj/Erth      100%       3d13      1%          3
 Swiftness                Air            70%        N/A       1%          3
 Tukima's Dance           Hex            64%        N/A       1%          3
 Airstrike                Air            35%        2d(5-21)  1%          4
 Anguish                  Hex/Necr       64%        N/A       1%          4
 Animate Armour           Summ/Erth      100%       N/A       1%          4
 Cause Fear               Hex            32%        N/A       1%          4
 Leda's Liquefaction      Hex/Erth       32%        N/A       1%          4
 Agony                    Necr           100%       N/A       1%          5
 Metabolic Englaciation   Hex/Ice        39%        N/A       1%          5
 Summon Forest            Summ/Tloc      45%        N/A       1%          5
 Monstrous Menagerie      Summ           60%        N/A       1%          7
 Summon Hydra             Summ           60%        N/A       1%          7
 Gell's Gravitas          Tloc           37%        N/A       2%          3
 Ignite Poison            Fire/Tmut/Pois 37%        N/A       2%          3
 Lesser Beckoning         Tloc           37%        N/A       2%          3
 Teleport Other           Tloc           37%        N/A       2%          3
 Freezing Cloud           Conj/Ice/Air   35%        6-21      2%          5
 Silence                  Hex/Air        33%        N/A       2%          5
 Fulminant Prism          Conj/Hex       26%        3d14      3%          4
 Petrify                  Tmut/Erth      54%        N/A       3%          4
 Lee's Rapid Deconstruct  Erth           33%        3d18*     3%          5
 Malign Gateway           Summ/Tloc      45%        N/A       6%          7
 Ozocubu's Refrigeration  Ice            45%        4d17      6%          7
 Spellforged Servitor     Conj/Summ      45%        N/A       6%          7
 Arcjolt                  Conj/Air       28%        1d38      8%          5
 Lightning Bolt           Conj/Air       28%        1d45      8%          5
 Flame Wave               Conj/Fire      37%        2d10      9%          4
 Iskenderun's Mystic Bla  Conj/Tloc      37%        2d9       9%          4
 Manifold Assault         Tloc           37%        N/A       9%          4
 Olgreb's Toxic Radiance  Pois           37%        N/A       9%          4
 Passage of Golubria      Tloc           37%        N/A       9%          4
 Sticky Flame             Conj/Fire      37%        2d6       9%          4
 Alistair's Intoxication  Tmut/Pois      24%        N/A       24%         5
 Fireball                 Conj/Fire      18%        3d9       24%         5
 Irradiate                Conj/Tmut      18%        3d17      24%         5
 Iskenderun's Battlesphe  Conj           37%        2d9       24%         5
 Conjure Ball Lightning   Conj/Air       28%        3x3d8     36%         6
 Iron Shot                Conj/Erth      27%        9d6       43%         6
 Enfeeble                 Hex            32%        N/A       69%         7
 Dispersal                Tloc           18%        N/A       77%         6
 Eringya's Noxious Bog    Tmut/Pois      18%        N/A       77%         6
 Starburst                Conj/Fire      18%        6d7       77%         6
 Orb of Destruction       Conj           18%        9d8       99%         7
 Summon Horrible Things   Summ           60%        N/A       1%          8
 Infestation              Necr           73%        N/A       12%         8
 Maxwell's Capacitive Co  Air            35%        ∞         99%         8
 Polar Vortex             Ice            45%        N/A       99%         9
 Discord                  Hex            32%        N/A       100%        8
 Disjunction              Tloc           18%        N/A       100%        8
 Ignition                 Fire           18%        3d7       100%        8
 Lehudib's Crystal Spear  Conj/Erth      27%        10d7      100%        8
 Chain Lightning          Conj/Air       28%        3d38      100%        9
 Fire Storm               Conj/Fire      18%        8d5       100%        9
 Shatter                  Erth           33%        3d27*     100%        9
 Statue Form              Tmut/Erth      Unusable   N/A       N/A         6
 Dragon Form              Tmut           Unusable   N/A       N/A         7

Dungeon Overview and Level Annotations

Branches:
Dungeon (15/15) Zot: 22438  Temple (0/1) D:7            Lair (5/5) D:9 Zot: 20244
  Swamp (4/4) Lair:2 Zot: 19774   Snake (4/4) Lair:2 Zot: 18198   Slime (5/5) Lair:4 Zot: 22731
    Orc (2/2) D:10 Zot: 8447     Elf (3/3) Orc:2 Zot: 11349  Vaults (4/5) D:14 Zot: 15157
  Crypt (3/3) Vaults:3 Zot: 9949    Tomb (0/3) Crypt:3      Depths (4/4) D:15 Zot: 12559
    Zot (5/5) Depths:4 Zot: 19454 Ossuary (visited)          Bailey (visited)
  IceCv (visited)          WizLab (visited)         Gauntlet (visited)

Altars:
Ashenzari
Gozag
Hepliaklqana
Kikubaaqudgha
Nemelex Xobeh
Qazlal
Sif Muna
Uskayaw
Jiyva

Shops:
D:3 :!?(   Orc:2 (?!!   Elf:1 *   Elf:2 :   Snake:2 ((   Snake:3 ?   Vaults:2 =
Vaults:4 [

Portals:
Hell: Depths:1 Depths:2 Depths:3 Depths:4
Abyss: Depths:3
Pandemonium: Depths:2
Ziggurat: Depths:2
Bazaar: Depths:3
Trove: Vaults:1 (give +6 demon whip)

Annotations:
D:3 2 transporters, Potemkin's ghost, amateur DsGl
D:5 exclusion: ogre
D:7 1 runed translucent door, p0werm0de's ghost, novice OpMo
D:13 exclusion: oklob plant
D:14 exclusion: downstairs
Lair:1 exclusion: oklob plant
Elf:1 1 runed translucent door, Navehufe's ghost, journeyman SpDe
Elf:2 3 runed translucent doors
Elf:3 1 runed translucent door, Akeryg's ghost, adept DsEn
Depths:2 2 transporters, exclusion: downstairs
Depths:3 exclusion: orange crystal statue
Depths:4 Rosaxar's ghost, veteran MfGl


Innate Abilities, Weirdness & Mutations

You are immune to poison.
Your flesh is cold resistant. (rC+)
You are immune to negative energy. (rN+++)
You are immune to unholy pain and torment.
You are vulnerable to heat. (rF-)
You are strongly in touch with the powers of death.
You do not drink.
You have a special connection with the divine. (Faith)


Message History

The fireball explodes!
The fireball engulfs your golden dragon!!!
Your golden dragon resists.
The fireball engulfs the orb of fire.
The orb of fire completely resists.
The fireball engulfs your shadow dragon!!!
The orb of fire glows red.
The fireball explodes!
The fireball engulfs your shadow dragon!!!
The fireball engulfs your shadow dragon!!!!
The fireball engulfs the orb of fire.
The orb of fire completely resists.
The fireball engulfs your phantasmal warrior!!!
Your phantasmal warrior is destroyed!
Your phantasmal warrior disappears in a puff of smoke!
Your golden dragon misses the orb of fire.
Your golden dragon claws the orb of fire but does no damage.
Your golden dragon completely misses the orb of fire.
Your shadow dragon bites the orb of fire but does no damage.
Your shadow dragon claws the orb of fire.
Your shadow dragon misses the orb of fire.
Your golden dragon bites the orb of fire!
Your golden dragon claws the orb of fire.
Your golden dragon tramples the orb of fire but does no damage.
Your shadow dragon bites the orb of fire but does no damage.
Your shadow dragon barely misses the orb of fire.
Your shadow dragon claws the orb of fire but does no damage.
Your golden dragon completely misses the orb of fire.
Your golden dragon claws the orb of fire but does no damage.
Your golden dragon tramples the orb of fire but does no damage.
The orb of fire glows yellow.
The bolt of fire hits you! You resist.
Unknown command.
Unknown command.
Your golden dragon bites the orb of fire but does no damage.
Your golden dragon claws the orb of fire!
Your golden dragon barely misses the orb of fire.
Unknown command.
Unknown command.
Okay, then.
Unknown command.
Unknown command.
Unknown command.
Your golden dragon breathes cold at the orb of fire.
The bolt of cold hits the orb of fire!!
The orb of fire resists.
The orb of fire glows yellow.
The bolt of fire misses you.
You start removing your armour.
You continue taking off the +1 pair of gloves of Impatience {-Tele rElec rC+ Dex+4}.
The orb of fire emits a lurid red light.
The fireball explodes!
Keep disrobing?
The fireball engulfs you! You resist.
The orb of fire glows bright magenta.
The bolt of fire hits you!! You resist.
* * * LOW HITPOINT WARNING * * *
You continue taking off the +1 pair of gloves of Impatience {-Tele rElec rC+ Dex+4}.
The orb of fire glows deep purple.
Strange energies course through your body.
Your body decomposes!
You feel weakened.
The orb of fire pulls the alarm!
The alarm trap emits a blaring wail!
The mark upon you grows brighter.
The Orb Guardian hits your golden dragon but does no damage.
You continue taking off the +1 pair of gloves of Impatience {-Tele rElec rC+ Dex+4}.
The orb of fire glows deep purple.
The fireball explodes!
The fireball engulfs your shadow dragon!!!
Your shadow dragon dies!
Your shadow dragon's corpse disappears in a puff of smoke!
The fireball engulfs the orb of fire.
The orb of fire completely resists.
The fireball engulfs the orb of fire.
The orb of fire completely resists.
The fireball engulfs your golden dragon!!
Your golden dragon resists.
Your golden dragon dies!
Your golden dragon's corpse disappears in a puff of smoke!
The fireball engulfs your golden dragon!!
Your golden dragon resists.
The fireball engulfs your shadow wraith!!!!
Your shadow wraith is destroyed!
Your shadow wraith disappears in a puff of smoke!
The orb of fire disappears!
The orb of fire glows red.
The bolt of fire misses you.
The orb of fire emits a lurid red light.
The fireball explodes!
The fireball engulfs the orb of fire.
The orb of fire completely resists.
The fireball engulfs you!! You resist.
* * * LOW HITPOINT WARNING * * *
The fireball engulfs the orb of fire.
The orb of fire completely resists.
The fireball engulfs the orb of fire.
The orb of fire completely resists.
Your golden dragon misses the orb of fire.
Your golden dragon completely misses the orb of fire.
Your golden dragon barely misses the orb of fire.
You continue taking off the +1 pair of gloves of Impatience {-Tele rElec rC+ Dex+4}.
The Orb Guardian hits your wraith!!
The orb of fire glows yellow.
The bolt of fire hits you!! You resist.
* * * LOW HITPOINT WARNING * * *
The orb of fire glows deep purple.
The bolt of fire hits you!! You resist.
You die...

*,...................# ##..
*,...................###.^.
**..^...............###...#
*#.^..............##.^..##
*#...........).....).###
▓▓^..).##▓▓▓▓▓▓▓▓▓▓▓#
▓▓...............▓▓▓▓
*▓........*.^§.^.....▓##
**........@*.D.W....W...##
*,........^.*§§*X*.......#
*,........^...D.X...W....▓▓
**............X..z.......▓▓
*▓............^.....*.*.▓.
▓▓...........^..........W
*▓.................^....▓W
**.........^*............▓▓
*,......................^▓▓


You could see 6 orbs of fire, a death cob, 3 Orb Guardians, a friendly shadow
dragon (summoned), a friendly golden dragon (summoned) and a friendly wraith
(summoned).

Vanquished Creatures
  the Royal Jelly (Slime:5)
  Dissolution (Slime:3)
  A dread lich (Zot:5)
  An ancient lich (Crypt:3)
  2 royal mummies (Crypt:2)
  Sojobo (Vaults:4)
  2 Killer Klowns
  Boris (Depths:1)
  Parghit (Depths:3)
  4 caustic shrikes (Depths:3)
  2 golden dragons (Depths:3)
  A curse toe (Zot:5)
  Jory (Crypt:2)
  the Enchantress (Depths:2)
  Jorgrun (Snake:2)
  A shard shrike zombie (Crypt:3)
  6 tentacled monstrosities
  A deep elf blademaster (Elf:3)
  4 liches
  Asterion (Depths:1)
  6 Orb Guardians (Zot:5)
  A deep elf master archer (Elf:3)
  2 quicksilver dragons
  6 acid blobs
  3 death cobs
  5 storm dragons
  2 sphinxes
  2 shadow dragons
  5 tengu reavers
  2 draconian monks
  4 nagarajas (Snake:4)
  A strange machine (WizLab)
  7 frost giants
  6 azure jellies (Slime:5)
  2 rockslimes
  4 fire giants
  A fenstrider witch (Swamp:4)
  8 vault wardens
  10 deep elf sorcerers
  2 ghost moths
  A juggernaut zombie (Crypt:3)
  A caustic shrike zombie (Crypt:3)
  A balrug (Depths:2)
  3 draconian stormcallers
  2 reapers (Crypt:3)
  2 curse skulls
  2 deep elf elementalists (Elf:3)
  A draconian shifter (Zot:3)
  3 spriggan defenders (Depths:2)
  21 very ugly things
  12 ironbound preservers
  9 stone giants
  7 quicksilver oozes
  An orc warlord (Vaults:3)
  A war gargoyle (Vaults:2)
  10 ironbound thunderhulks
  A juggernaut skeleton (Depths:2)
  3 vampire knights
  2 caustic shrike skeletons (Crypt:3)
  Nessos (Lair:3)
  5 ghouls
  2 green draconians
  7 deep elf demonologists
  A purple draconian (Zot:4)
  A black draconian (Zot:1)
  4 dire elephants (Vaults:3)
  9 deep elf annihilators
  3 red draconians
  2 yellow draconians
  11 spark wasps
  A white draconian (Depths:4)
  8 deep elf death magi
  6 eidola (Crypt:3)
  9 jiangshi
  Josephine (Lair:4)
  3 mummy priests
  4 ettins
  A shambling mangrove (Swamp:4)
  A quicksilver dragon zombie (Crypt:3)
  An entropy weaver (Vaults:3)
  3 deep elf high priests
  4 fire dragons
  7 rakshasas
  9 great orbs of eyes
  A spriggan zombie (Crypt:2)
  10 yaktaur captains
  2 ice dragons
  A catoblepas (Lair:5)
  6 hydras
  A peacekeeper (Vaults:2)
  2 ironbound frosthearts
  2 salamander tyrants (Snake:4)
  3 spriggan air magi
  9 vault guards
  A spriggan skeleton (Crypt:3)
  7 centaur warriors
  3 ghost crabs (Swamp:4)
  3 boulder beetles
  3 two-headed ogres
  9 anacondas
  Erica (Lair:2)
  12 naga warriors
  5 death yaks
  2 alligators (Swamp:3)
  2 tengu warriors
  5 vampire magi
  Urug (Orc:1)
  3 deep troll earth magi (Depths:1)
  2 deep troll shamans
  24 dancing weapons
  8 hell knights
  3 spriggans
  An orc high priest (Elf:1)
  3 spriggan berserkers
  21 deep elf knights
  Nergalle (Lair:2)
  6 naga sharpshooters
  6 shock serpents
  8 iron trolls
  2 salamander mystics
  A sun demon (Depths:2)
  4 soul eaters (Crypt:3)
  9 skeletal warriors
  A bunyip zombie (Swamp:1)
  A golden dragon zombie (Crypt:3)
  A shadow demon (Depths:2)
  5 glowing orange brains
  An anaconda zombie (Crypt:3)
  A flayed ghost (Depths:2)
  2 spriggan druids
  3 goliath frogs
  A spriggan rider (Swamp:3)
  5 spriggan simulacra (Swamp:3)
  4 bog bodies
  14 deep elf archers
  A swamp dragon (Swamp:4)
  36 deep trolls
  4 naga ritualists
  17 ironbound convokers
  10 lindwurms
  2 orange crystal statues (IceCv)
  29 deep elf pyromancers
  A tengu skeleton (Depths:2)
  9 phantasmal warriors
  A lindwurm (shapeshifter) (Depths:1)
  9 wizards
  8 orc knights
  A bunyip skeleton (Crypt:2)
  30 deep elf zephyrmancers
  10 mana vipers
  20 necromancers
  An iron dragon zombie (Crypt:3)
  2 orc sorcerers (Orc:2)
  3 cyclopes
  A will-o-the-wisp (Swamp:3)
  28 ugly things
  An oklob plant (Swamp:4)
  A moth of wrath (shapeshifter) (Vaults:4)
  A shining eye (Slime:5)
  9 moths of wrath
  10 salamanders
  25 black mambas
  A naga zombie (Crypt:3)
  A dire elephant zombie (Crypt:3)
  A black mamba (shapeshifter) (Elf:2)
  7 elephants
  11 vault sentinels
  An eye of devastation (Slime:1)
  2 guardian serpents (Snake:4)
  10 naga magi
  An orange demon (Depths:2)
  2 komodo dragons (Lair:1)
  9 cane toads
  A purple draconian zombie (Crypt:1)
  2 efreet
  5 unseen horrors
  4 freezing wraiths (Crypt:3)
  3 swamp worm zombies (Swamp:4)
  An anaconda simulacrum (Swamp:3)
  A spark wasp simulacrum (Depths:2)
  33 yaktaurs
  A komodo dragon (shapeshifter) (Elf:2)
  A guardian mummy (Crypt:3)
  An ice devil (Depths:2)
  13 hellwings (Crypt:3)
  A tengu conjurer (Depths:2)
  A red devil (Depths:2)
  A purple draconian skeleton (Crypt:1)
  2 bloated husks
  4 harpy zombies (Crypt:3)
  A tarantella (shapeshifter) (Elf:1)
  5 trolls
  2 tyrant leeches
  A polar bear (D:11)
  7 large abominations (Depths:3)
  2 hornets
  An ettin zombie (Crypt:1)
  3 alligator zombies (Swamp:4)
  8 blink frogs
  A snapping turtle (Snake:4)
  49 slime creatures
  8 flying skulls
  2 centaur simulacra (D:11)
  An alligator skeleton (Crypt:2)
  A spriggan (shapeshifter) (Depths:3)
  7 wraiths
  A wyvern (Lair:2)
  2 dire elephant simulacra
  A basilisk (Lair:1)
  19 yaks
  5 fire elementals
  An ushabti (Crypt:3)
  2 chaos spawn (Depths:3)
  2 water elementals
  2 golden eyes (Slime:5)
  A steam dragon (D:8)
  A human (Bailey)
  13 vampire mosquitoes
  3 small abominations (Depths:3)
  6 swamp worms
  An entropy weaver zombie (Crypt:2)
  A warg (shapeshifter) (Depths:3)
  A warg (D:10)
  3 acid dragons
  27 nagas
  8 water moccasins
  Duvessa (D:5)
  A meliai simulacrum (D:11)
  A floating eye (Depths:3)
  3 great orb of eyes simulacra (IceCv)
  A sky beast (D:7)
  A faun skeleton (Crypt:1)
  5 ice beasts
  2 swamp dragon zombies (Swamp:4)
  2 black bears (Depths:1)
  20 orc warriors
  6 ogres
  15 wolves
  7 boggarts
  6 centaurs
  5 phantoms
  A yaktaur zombie (Vaults:4)
  3 slime creature simulacra (IceCv)
  A kobold brigand (D:11)
  A salamander zombie (Crypt:2)
  3 earth elementals
  5 bullfrogs
  4 glowing shapeshifter simulacra (IceCv)
  4 necrophages
  2 scorpions (D:5)
  4 wyvern skeletons (Crypt:3)
  6 wights (D:9)
  Dowan (D:5)
  A polar bear zombie (Crypt:2)
  A lindwurm simulacrum (Swamp:3)
  19 killer bees
  3 electric eels
  2 howler monkeys
  A polar bear skeleton (Crypt:2)
  7 nameless horrors
  A lava snake (D:15)
  A bullfrog zombie (D:6)
  4 centaur zombies
  4 centaur skeletons
  A gnoll bouda (D:5)
  10 orc priests
  A bullfrog skeleton (D:6)
  11 hounds
  5 jellies
  2 iguanas
  A spectral swamp drake (Swamp:4)
  12 orc wizards
  A hound skeleton (Crypt:1)
  2 mummies
  12 gnolls
  7 adders
  4 swamp drake zombies
  2 shadow imps
  3 white imps
  5 ufetubi
  4 worms (D:2)
  2 dart slugs
  64 orcs
  8 bats
  10 endoplasms
  4 giant cockroaches
  2 gnoll zombies (Ossuary)
  13 goblins
  6 hobgoblins
  4 jackals (D:5)
  4 ball pythons
  4 frilled lizards
  A goblin zombie (Ossuary)
  2 hobgoblin zombies (Ossuary)
  7 kobolds
  6 kobold zombies (Ossuary)
  8 rats
  2 fire vortices (D:15)
1507 creatures vanquished.

Vanquished Creatures (collateral kills)
  A dread lich (Zot:2)
  6 orbs of fire
  A royal mummy (Crypt:2)
  Boris (Crypt:2)
  Frederick (Depths:4)
  2 curse toes
  2 golden dragons (Zot:5)
  Saint Roka (Depths:3)
  A bone dragon (Swamp:4)
  3 electric golems
  2 liches
  8 tentacled monstrosities
  A walking earthen tome (WizLab)
  16 Orb Guardians (Zot:5)
  2 quicksilver dragons
  19 acid blobs
  2 ancient champions
  4 sphinxes
  Gastronok (Lair:3)
  7 death cobs
  3 revenants
  3 shadow dragons
  A thorn hunter (Swamp:3)
  6 storm dragons
  2 draconian monks
  18 rockslimes
  6 fire giants
  10 azure jellies
  A nagaraja (Snake:4)
  7 draconian knights
  2 vault wardens (Vaults:4)
  6 draconian scorchers
  A juggernaut zombie (Depths:2)
  2 orc warlords
  5 draconian shifters
  7 quicksilver oozes
  3 draconian stormcallers (Zot:4)
  4 draconian annihilators
  5 ghouls
  7 very ugly things
  3 ironbound preservers
  An ironbound thunderhulk (Vaults:3)
  4 stone giants
  3 vampire knights
  7 green draconians
  3 eleionomae
  2 bunyips
  12 black draconians
  A minotaur (Gauntlet)
  4 white draconians
  6 yellow draconians
  10 red draconians
  5 spark wasps
  5 purple draconians
  A crystal guardian (Vaults:2)
  8 eidola
  5 ettins
  Snorg (Lair:3)
  4 yaktaur captains
  4 fire dragons
  A vault guard (Vaults:2)
  A great orb of eyes (Vaults:4)
  5 jiangshi (Crypt:1)
  A fenstrider witch zombie (Crypt:2)
  4 rakshasas
  A salamander tyrant (Snake:4)
  2 catoblepae
  3 ghost crabs
  6 hydras
  7 ice dragons
  2 spriggan air magi
  5 two-headed ogres
  6 centaur warriors
  9 anacondas
  2 death knights (D:15)
  8 naga warriors
  A tengu warrior (Depths:1)
  9 alligators
  A deep troll earth mage (Depths:1)
  2 alligator snapping turtles (Snake:4)
  2 ironbound frosthearts
  7 death yaks
  A boulder beetle (D:13)
  9 naga sharpshooters
  4 orc high priests (Orc:2)
  2 deep troll shamans
  A spriggan berserker (Depths:4)
  3 shock serpents
  2 vampire magi
  3 hell knights
  5 salamander mystics (Snake:4)
  A soul eater (Crypt:2)
  A sun demon (Depths:2)
  7 skeletal warriors
  An iron troll (Depths:1)
  A spriggan rider (Swamp:3)
  A spriggan (Depths:2)
  3 goliath frogs
  A large abomination (Depths:3)
  2 spectral hydras (Swamp:4)
  2 swamp dragons
  10 deep trolls
  An orb spider (shapeshifter) (Depths:4)
  2 flayed ghosts (Crypt:2)
  5 sea snakes (Snake:4)
  2 glowing orange brains
  8 bog bodies
  3 naga ritualists
  A wizard (Vaults:3)
  2 lindwurms
  A golden dragon skeleton (Crypt:2)
  6 phantasmal warriors
  10 necromancers
  8 mana vipers
  4 ironbound convokers
  5 orc knights
  2 deep elf pyromancers
  A manticore (D:13)
  2 shining eyes (Slime:2)
  4 orc sorcerers
  20 ugly things
  16 moths of wrath
  3 will-o-the-wisps
  A goliath frog skeleton (Crypt:1)
  6 salamanders
  3 cyclopes
  An elephant (Lair:3)
  3 vault sentinels
  A centaur zombie (Crypt:2)
  19 black mambas
  9 naga magi
  4 eyes of devastation
  5 guardian serpents (Snake:4)
  2 cane toads
  3 gargoyles
  A steelbarb worm zombie (Crypt:2)
  2 rime drakes (Gauntlet)
  3 komodo dragons
  6 freezing wraiths
  2 nameless horrors
  A mana viper zombie (Crypt:1)
  An alligator snapping turtle skeleton (Crypt:2)
  A tengu conjurer (D:15)
  9 yaktaurs
  An efreet (Zot:2)
  A harpy zombie (Crypt:2)
  3 trolls (Orc:2)
  3 hornets
  6 tyrant leeches
  A polar bear (Lair:5)
  14 blink frogs
  62 slime creatures
  2 alligator zombies
  A snapping turtle (Snake:4)
  An ice dragon skeleton (Crypt:2)
  11 flying skulls
  A shadow (D:11)
  15 yaks
  A jumping spider (shapeshifter) (D:15)
  A fire dragon skeleton (Crypt:2)
  11 wraiths
  2 wyverns
  A basilisk (Lair:1)
  A human (Bailey)
  17 fire elementals (Zot:2)
  12 vampire mosquitoes
  20 nagas
  4 wargs
  14 swamp worms
  3 water moccasins
  A sky beast (D:8)
  A merfolk skeleton (Crypt:1)
  2 swamp dragon zombies (Swamp:4)
  3 swamp drakes
  2 great orb of eyes simulacra (IceCv)
  A blink frog zombie (Crypt:1)
  30 orc warriors
  3 black bears
  2 ice beasts (D:11)
  9 ogres
  6 wolves
  2 boggarts (Vaults:3)
  11 centaurs
  3 slime creature simulacra (IceCv)
  A phantom (Swamp:4)
  A bullfrog (Lair:4)
  2 glowing shapeshifter simulacra (IceCv)
  A necrophage (Crypt:1)
  A gnoll sergeant (D:8)
  A naga simulacrum (Crypt:2)
  2 wights (D:9)
  3 wyvern skeletons (Crypt:3)
  A water moccasin skeleton (D:6)
  2 killer bees (D:8)
  A lava snake (D:15)
  A bullfrog skeleton (Crypt:1)
  23 orc priests
  A hound (D:9)
  3 jellies (D:13)
  6 orc wizards
  A killer bee zombie (D:6)
  A naga zombie (Snake:4)
  4 gnolls (D:8)
  A howler monkey zombie (Crypt:2)
  A steam dragon zombie (Crypt:2)
  2 swamp drake zombies (Swamp:4)
  2 white imps
  A lava snake zombie (Crypt:1)
  61 orcs
  10 endoplasms (D:13)
1022 creatures vanquished.

Vanquished Creatures (others)
  A death cob (Zot:5)
  A draconian monk (Zot:2)
  A draconian scorcher (Zot:2)
  A white draconian (Zot:4)
  A deep elf knight (Elf:2)
  7 anaconda zombies
  A spriggan druid (Swamp:4)
  2 wizards
  2 sphinx zombies (Vaults:4)
  6 ugly thing zombies
  A phantasmal warrior (Swamp:4)
  2 shadow dragon zombies (Zot:2)
  5 draconian zombies (Zot:2)
  A frost giant zombie (Vaults:4)
  A stone giant zombie (Depths:1)
  7 centaur zombies
  2 shock serpent zombies (Snake:4)
  A minotaur zombie (Depths:1)
  2 dire elephant zombies (Vaults:3)
  A guardian serpent (Snake:4)
  A black draconian zombie (Zot:2)
  2 green draconian zombies (Zot:2)
  A white draconian zombie (Zot:2)
  A purple draconian zombie (Zot:2)
  5 swamp worm zombies
  27 human zombies
  A red draconian zombie (Zot:2)
  2 sea snake zombies (Snake:4)
  3 hydra zombies
  9 mana viper zombies
  2 bloated husks (Swamp:4)
  2 guardian serpent zombies (Snake:4)
  A moth of wrath zombie (Zot:2)
  2 great orb of eyes zombies
  2 alligator zombies
  An ettin zombie (Vaults:4)
  An air elemental (Elf:2)
  3 slime creature zombies
  11 black mamba zombies
  A spriggan zombie (Swamp:3)
  2 tyrant leech zombies (Swamp:1)
  23 deep troll zombies
  2 swamp dragon zombies (Swamp:4)
  6 orc zombies
  3 lindwurm zombies
  A phantom (Swamp:4)
  3 vampire mosquito zombies
  20 naga zombies
  10 salamander zombies (Snake:4)
  14 yaktaur zombies
  4 boggart zombies (Vaults:3)
  A swamp drake zombie (Swamp:3)
  An orc (D:15)
  A bat (D:11)
  14 foxfires
  46 fungi
  58 plants
  49 withered plants
382 creatures vanquished.

Grand Total: 2911 creatures vanquished

Notes
Turn   | Place    | Note
-------+----------+-------------------------------------------
     0 | D:1      | Flugkiller the Mummy Ice Elementalist began the quest for
                  | the Orb.
     0 | D:1      | Reached XP level 1. HP: 13/13 MP: 4/4
   300 | D:1      | Reached XP level 2. HP: 19/19 MP: 3/6
   816 | D:1      | Found a faded altar of an unknown god.
  1182 | D:2      | Gained mutation: You are in touch with the powers of death.
                  | [Mummy growth]
  1182 | D:2      | Reached XP level 3. HP: 22/24 MP: 4/8
  1396 | D:2      | Learned a level 3 spell: Frozen Ramparts
  2042 | D:2      | Reached XP level 4. HP: 29/30 MP: 7/10
  2134 | D:3      | Found a transporter.
  2139 | D:3      | Noticed Potemkin's ghost (amateur DsGl)
  2209 | D:3      | Found a transporter.
  2267 | D:3      | Found Guv Maeg's Weapon Shop.
  2278 | D:3      | Bought 4 curare-tipped darts for 28 gold pieces
  2500 | D:3      | Found Fotaluc's Distillery.
  2523 | D:3      | Found Detec's Book Shoppe.
  2803 | D:3      | Found Gotryqiw's Magic Scroll Shop.
  2811 | D:3      | Bought a scroll of teleportation for 30 gold pieces
  3284 | D:3      | Reached XP level 5. HP: 27/35 MP: 3/12
  3404 | D:3      | Learned a level 4 spell: Summon Ice Beast
  3589 | D:4      | Found a sparkling altar of Nemelex Xobeh.
  3595 | D:4      | Found an opulent altar of Gozag.
  3596 | D:4      | Found a hazy altar of Hepliaklqana.
  3596 | D:4      | Found a shimmering blue altar of Sif Muna.
  3596 | D:4      | Found a broken altar of Ashenzari.
  3596 | D:4      | Found a hide-covered altar of Uskayaw.
  3597 | D:4      | Found an ancient bone altar of Kikubaaqudgha.
  3600 | D:4      | Reached skill level 5 in Spellcasting
  3606 | D:4      | Got the Octavo of the Dynamic Arsonist
  3612 | D:4      | Became a worshipper of Sif Muna the Loreminder
  3623 | D:4      | Noticed an ogre
  3632 | D:4      | Killed an ogre
  3633 | D:4      | Reached skill level 1 in Summonings
  3785 | D:4      | Reached XP level 6. HP: 38/41 MP: 7/14
  3949 | D:4      | Found a sand-covered staircase.
  3968 | Ossuary  | Entered an ossuary
  3968 | Ossuary  | Noticed a wraith
  3968 | Ossuary  | Noticed a wraith
  3968 | Ossuary  | Noticed a wraith
  4283 | Ossuary  | Learned a level 3 spell: Ozocubu's Armour
  4754 | D:5      | Entered Level 5 of the Dungeon
  5007 | D:5      | Reached * piety under Sif Muna
  5074 | D:5      | Noticed Duvessa
  5088 | D:5      | Killed Duvessa
  5089 | D:5      | Reached skill level 2 in Summonings
  5089 | D:5      | Reached skill level 5 in Ice Magic
  5089 | D:5      | Reached XP level 7. HP: 27/46 MP: 6/16
  5099 | D:5      | Noticed Dowan
  5228 | D:5      | Killed Dowan
  5313 | D:5      | Reached skill level 3 in Summonings
  6111 | D:6      | Reached skill level 4 in Summonings
  6111 | D:6      | Reached XP level 8. HP: 48/52 MP: 10/17
  6241 | D:6      | Identified the +0 robe of Ybiyd {Fly Int+3}
  6495 | D:6      | Reached ** piety under Sif Muna
  6496 | D:6      | Reached skill level 5 in Summonings
  6984 | D:7      | Reached skill level 6 in Summonings
  7042 | D:7      | Found a runed translucent door.
  7048 | D:7      | Noticed p0werm0de's ghost (novice OpMo)
  7073 | D:7      | Reached skill level 1 in Fighting
  7116 | D:7      | Found a stormy altar of Qazlal.
  7118 | D:7      | Noticed an air elemental
  7170 | D:7      | Reached skill level 1 in Evocations
  7357 | D:7      | Found a staircase to the Ecumenical Temple.
  7479 | D:7      | Reached *** piety under Sif Muna
  7641 | D:8      | Got the Precepts of the Lumpy Yaks
  7865 | D:8      | Reached XP level 9. HP: 48/61 MP: 9/18
  8038 | D:8      | Reached skill level 5 in Evocations
  8241 | D:8      | Reached **** piety under Sif Muna
  8661 | D:9      | Noticed a troll
  8674 | D:9      | Killed a troll
  8678 | D:9      | Reached skill level 1 in Invocations
  8712 | D:9      | Found a flagged portal.
  8720 | D:9      | Reached XP level 10. HP: 47/71 MP: 5/19
  8796 | Bailey   | Entered a bailey
  8819 | Bailey   | HP: 2/71 [human/+0 war axe (7)]
  9349 | D:9      | Found a staircase to the Lair.
 10296 | D:10     | Entered Level 10 of the Dungeon
 10400 | D:10     | Reached skill level 5 in Fighting
 10469 | D:10     | Reached ***** piety under Sif Muna
 10481 | D:10     | Reached skill level 1 in Short Blades
 10717 | D:10     | Noticed a two-headed ogre
 10718 | D:10     | Found a staircase to the Orcish Mines.
 10732 | D:10     | Reached XP level 11. HP: 80/81 MP: 20/20
 10741 | D:10     | Killed a two-headed ogre
 11677 | D:11     | Noticed a two-headed ogre
 11830 | D:11     | Noticed a two-headed ogre
 11853 | D:11     | Killed a two-headed ogre
 11957 | D:11     | Received a gift from Sif Muna
 12167 | D:11     | Reached skill level 10 in Ice Magic
 12631 | D:11     | Noticed a two-headed ogre
 12639 | D:11     | Killed a two-headed ogre
 12762 | D:11     | Killed a two-headed ogre
 12945 | Lair:1   | Entered Level 1 of the Lair of Beasts
 13109 | Lair:1   | Noticed an oklob plant
 13140 | Lair:1   | Reached skill level 7 in Summonings
 13427 | Lair:1   | Reached skill level 8 in Summonings
 13427 | Lair:1   | Reached XP level 12. HP: 88/88 MP: 16/24
 13708 | Lair:1   | Reached skill level 9 in Summonings
 14588 | Lair:2   | Noticed Erica
 14601 | Lair:2   | Killed Erica
 14622 | Lair:2   | Found a staircase to the Snake Pit.
 14782 | Lair:2   | Reached skill level 10 in Summonings
 14815 | Lair:2   | Noticed Nergalle
 15432 | Lair:2   | Killed Nergalle
 15784 | Lair:2   | Found a staircase to the Swamp.
 16032 | Lair:3   | Noticed Nessos
 16051 | Lair:3   | Killed Nessos
 16232 | Lair:2   | Learned a level 6 spell: Simulacrum
 16249 | Lair:3   | Received a gift from Sif Muna
 16250 | Lair:3   | Got Ucveh's Tome of the Kinetic Gathering {god gift}
 16459 | Lair:3   | Noticed Gastronok
 16468 | Lair:3   | Noticed Snorg
 16528 | Lair:2   | Learned a level 4 spell: Summon Lightning Spire
 16556 | Lair:3   | Reached skill level 5 in Necromancy
 16567 | Lair:3   | Gained mutation: You are strongly in touch with the powers
                  | of death. [Mummy growth]
 16567 | Lair:3   | Reached XP level 13. HP: 68/96 MP: 20/25
 16708 | Lair:3   | Killed Snorg
 17002 | Lair:3   | Killed Gastronok
 17003 | Lair:3   | Reached skill level 1 in Air Magic
 17314 | Lair:4   | Noticed Josephine
 17326 | Lair:4   | Killed Josephine
 17906 | Lair:4   | Found a staircase to the Slime Pits.
 17909 | Lair:4   | Found a viscous altar of Jiyva.
 18314 | Lair:5   | Entered Level 5 of the Lair of Beasts
 18360 | Lair:5   | Found a gate leading to a gauntlet.
 18373 | Gauntlet | Entered a Gauntlet
 18373 | Gauntlet | Found a transporter.
 18373 | Gauntlet | Found a transporter.
 18378 | Gauntlet | Found a transporter.
 18393 | Gauntlet | Found a transporter.
 18419 | Gauntlet | Found a transporter.
 18422 | Gauntlet | Found a transporter.
 18430 | Gauntlet | Noticed a reaper
 18506 | Gauntlet | Found a transporter.
 18520 | Gauntlet | Found a transporter.
 18534 | Gauntlet | Found a transporter.
 18547 | Gauntlet | Found a transporter.
 18637 | Gauntlet | Found a transporter.
 18638 | Gauntlet | Found a transporter.
 18653 | Gauntlet | Found a transporter.
 18657 | Gauntlet | Found a transporter.
 18657 | Gauntlet | Found a transporter.
 18681 | Gauntlet | Found a transporter.
 18724 | Gauntlet | Reached skill level 10 in Necromancy
 19370 | Gauntlet | Identified the ring "Dimit" {Str+6 Dex+6 Slay+2}
 19370 | Gauntlet | Noticed a minotaur
 19382 | Gauntlet | Killed a minotaur
 19666 | Lair:5   | Received a gift from Sif Muna
 19672 | Lair:5   | Got Sif Muna's Textbook on the Zephyr and Curses {god gift}
 19928 | Lair:5   | Reached XP level 14. HP: 90/103 MP: 18/27
 20831 | Lair:5   | Reached skill level 5 in Dodging
 21534 | D:12     | Reached skill level 10 in Spellcasting
 23202 | D:12     | Received a gift from Sif Muna
 23203 | D:12     | Got Wyis's Catalogue of Blasphemous Liturgies {god gift}
 25538 | D:14     | Found a gate to the Vaults.
 25876 | D:15     | Entered Level 15 of the Dungeon
 25894 | D:14     | Received a gift from Sif Muna
 25895 | D:14     | Got Sif Muna's Handbook of Transforming Jinxing {god gift}
 26749 | D:14     | Reached XP level 15. HP: 97/108 MP: 24/31
 28083 | D:15     | a quicksilver ooze changed into a storm dragon
 28083 | D:15     | Noticed a storm dragon (glowing shapeshifter)
 28085 | D:15     | a storm dragon changed into a glowing shapeshifter
 28305 | D:14     | Reached skill level 5 in Air Magic
 28701 | D:15     | Learned a level 5 spell: Summon Mana Viper
 28763 | D:15     | Found a staircase to the Depths.
 28934 | Orc:1    | Entered Level 1 of the Orcish Mines
 28991 | Orc:1    | Noticed Urug
 29089 | Orc:1    | Killed Urug
 29090 | Orc:1    | Reached skill level 1 in Hexes
 29270 | Orc:2    | Entered Level 2 of the Orcish Mines
 29352 | Orc:2    | Received a gift from Sif Muna
 29479 | Orc:2    | Reached skill level 11 in Summonings
 29587 | Orc:2    | Found a staircase to the Elven Halls.
 30132 | Orc:2    | Received a gift from Sif Muna
 30625 | Orc:2    | Reached ****** piety under Sif Muna
 30687 | Orc:2    | Found Jaexotia's Magic Scroll Emporium.
 30713 | Orc:2    | Found Isepon's Weapon Shoppe.
 31078 | Orc:2    | Received a gift from Sif Muna
 31093 | Orc:2    | Got Zengixko's Vellum of the Voyage and the Coals {god
                  | gift}
 31467 | Orc:2    | Found Haema's Distillery.
 31591 | Orc:2    | Found Asmi's Distillery.
 31945 | Orc:2    | Learned a level 5 spell: Borgnjor's Vile Clutch
 31950 | Orc:2    | Learned a level 4 spell: Animate Dead
 32092 | Snake:1  | Entered Level 1 of the Snake Pit
 32141 | Lair:2   | Reached skill level 1 in Earth Magic
 32496 | Swamp:1  | Entered Level 1 of the Swamp
 32562 | Swamp:1  | Reached XP level 16. HP: 70/115 MP: 19/32
 32923 | Swamp:1  | Identified the +9 sling "Uppaul" {speed, Fragile rElec rF++
                  | rN+}
 33869 | Swamp:3  | Noticed a thorn hunter
 33881 | Swamp:3  | Killed a thorn hunter
 33903 | Swamp:3  | Received a gift from Sif Muna
 33906 | Swamp:3  | Reached skill level 5 in Earth Magic
 33906 | Swamp:3  | Got Sif Muna's Compendium of Septic Hexes {god gift}
 33957 | Swamp:3  | Found a frozen archway.
 33970 | Swamp:3  | Reached skill level 1 in Ranged Weapons
 34035 | IceCv    | Entered an ice cave
 35776 | IceCv    | Found a viscous altar of Jiyva.
 35942 | IceCv    | Received a gift from Sif Muna
 35943 | IceCv    | Got Sif Muna's Tractate on Kinetic Evil Liturgies {god
                  | gift}
 36070 | IceCv    | Got the +6 whip "Buq Jeec" {freeze, Str+3 Int+3}
 36075 | IceCv    | Got the ring of the Omega Point {Ice rElec Str-4 Int+3
                  | Dex+6}
 36476 | Swamp:4  | Entered Level 4 of the Swamp
 36596 | Swamp:4  | Reached skill level 5 in Ranged Weapons
 37468 | Swamp:4  | Reached XP level 17. HP: 125/125 MP: 21/33
 37974 | Swamp:4  | Received a gift from Sif Muna
 38257 | Swamp:4  | Noticed a bone dragon
 38279 | Swamp:4  | Killed a bone dragon
 38418 | Swamp:4  | Got a decaying rune of Zot
 39040 | Snake:1  | Reached skill level 5 in Invocations
 39318 | Snake:2  | Found Cuth's Antique Weapon Emporium.
 39518 | Snake:2  | Received a gift from Sif Muna
 39519 | Snake:2  | Got Cuidgh's Compendium of Helpful Hypothermia {god gift}
 39767 | Snake:2  | Found Kuxeaceba's Weapon Emporium.
 40119 | Snake:2  | Noticed Jorgrun
 40151 | Snake:2  | Killed Jorgrun
 40994 | Snake:3  | Found Nawad's Magic Scroll Boutique.
 41017 | Snake:3  | Bought a scroll of blinking for 82 gold pieces
 41017 | Snake:3  | Bought a scroll of fear for 44 gold pieces
 41017 | Snake:3  | Bought a scroll of fear for 44 gold pieces
 41356 | Snake:3  | Reached skill level 10 in Ranged Weapons
 42200 | Snake:4  | Entered Level 4 of the Snake Pit
 42227 | Snake:4  | Received a gift from Sif Muna
 42237 | Snake:4  | Reached XP level 18. HP: 53/132 MP: 11/34
 42444 | Snake:4  | Reached skill level 10 in Fighting
 42490 | Snake:4  | Received a gift from Sif Muna
 42571 | Snake:4  | Reached skill level 10 in Dodging
 43640 | Snake:4  | Received a gift from Sif Muna
 43641 | Snake:4  | Got Meneagey's Collected Works on Ensnaring Vapour {god
                  | gift}
 43988 | Snake:4  | Got a serpentine rune of Zot
 44722 | Elf:1    | Entered Level 1 of the Elven Halls
 44825 | Elf:1    | Found a runed translucent door.
 44825 | Elf:1    | Noticed Navehufe's ghost (journeyman SpDe)
 45330 | Elf:1    | Noticed a Tzitzimitl
 45738 | Elf:1    | Reached XP level 19. HP: 132/146 MP: 18/35
 45858 | Elf:1    | Identified the +0 kite shield of the Stallion {+Blink
                  | Will++}
 46180 | Elf:1    | Found Houreh's Assorted Antiques.
 47175 | Elf:2    | Identified a scroll of acquirement
 47329 | Elf:2    | Received a gift from Sif Muna
 47482 | Elf:2    | Acquired 968 gold pieces
 48185 | Elf:2    | Reached skill level 1 in Shields
 48226 | Elf:2    | Found Iceughof's Vocational Training.
 48245 | Elf:2    | Bought a manual of Invocations for 1040 gold pieces
 48548 | Elf:2    | Found a runed translucent gate.
 48549 | Elf:2    | Found a runed translucent gate.
 48549 | Elf:2    | Found a runed translucent gate.
 48785 | Elf:3    | Entered Level 3 of the Elven Halls
 49067 | Elf:3    | Found a runed translucent door.
 49067 | Elf:3    | Noticed Akeryg's ghost (adept DsEn)
 49139 | Elf:3    | Received a gift from Sif Muna
 49140 | Elf:3    | Got Sif Muna's Atlas of Terrestrial Attendants {god gift}
 49920 | Elf:3    | Identified the +6 short sword "Suokhlob" {chaos, *Noise
                  | rElec Int+8 Dex+2}
 49920 | Elf:3    | Identified the +1 leather armour "Rukhleav" {rPois rCorr
                  | MP-9 Dex+3}
 49934 | Elf:3    | Reached skill level 10 in Invocations
 50046 | Elf:3    | Noticed a Brimstone Fiend
 50666 | Elf:3    | Identified the +3 ring mail of Qoadux {Dex+3 Stlth-}
 50672 | Elf:3    | Got the Writings on Twisted Terra Firma
 50675 | Elf:3    | Got the Compilation of Forceful Spelunking
 50679 | Elf:3    | Identified the +1 hand axe of Egomania {venom, rN+ Dex+3}
 50753 | Elf:3    | Reached XP level 20. HP: 156/156 MP: 18/36
 51236 | Elf:3    | Learned a level 7 spell: Haunt
 51544 | Vaults:1 | Entered Level 1 of the Vaults
 51572 | Vaults:1 | Reached skill level 5 in Shields
 51666 | Vaults:1 | Received a gift from Sif Muna
 51830 | Vaults:1 | Got Sif Muna's Directory of Firn and Terra Firma {god gift}
 51913 | Vaults:1 | Found a magical portal.
 52015 | WizLab   | Entered Tukima's Studio
 52781 | WizLab   | Reached skill level 12 in Summonings
 53085 | WizLab   | Noticed Flugkiller's illusion
 53147 | WizLab   | Identified the -1 pair of boots "Deeno" {Will+ Dex+3}
 53262 | Vaults:1 | Found a portal to a secret trove of treasure.
 54019 | Vaults:1 | Received a gift from Sif Muna
 54020 | Vaults:1 | Got Sif Muna's Folio of the Creative Dead {god gift}
 56076 | Vaults:2 | Reached XP level 21. HP: 159/162 MP: 36/38
 56087 | Vaults:2 | Received a gift from Sif Muna
 56099 | Vaults:2 | Got Iveoj's Essays on Lethal Shifting {god gift}
 56437 | Vaults:2 | Found Ataur's Jewellery Emporium.
 56934 | Vaults:3 | Reached skill level 13 in Summonings
 57657 | Vaults:3 | Found a staircase to the Crypt.
 57697 | Vaults:3 | Identified the +1 pair of gloves of Impatience {-Tele rElec
                  | rC+ Dex+4}
 57984 | Vaults:3 | Paralysed by a great orb of eyes for 5 turns
 58102 | Vaults:3 | Received a gift from Sif Muna
 58109 | Vaults:3 | Got Sif Muna's Tome of Gusty Convocation {god gift}
 58685 | Vaults:4 | Identified the +0 robe of Disappointment {Fly rN++ Will+
                  | Slay+5}
 58698 | Vaults:4 | Reached skill level 15 in Spellcasting
 59165 | Vaults:4 | Noticed Sojobo
 59170 | Vaults:4 | Paralysed by an air elemental for 1 turns
 59196 | Vaults:4 | Killed Sojobo
 59692 | Vaults:4 | Received a gift from Sif Muna
 59693 | Vaults:4 | Got Sif Muna's Advanced Witchcraft {god gift}
 60284 | Vaults:4 | Found Mustir's Armour Emporium.
 60304 | Vaults:4 | Reached XP level 22. HP: 140/169 MP: 21/41
 60324 | Vaults:4 | Reached skill level 14 in Summonings
 60324 | Vaults:4 | Reached skill level 15 in Necromancy
 60755 | Crypt:1  | Entered Level 1 of the Crypt
 60802 | Crypt:1  | Paralysed by a vampire knight for 4 turns
 61546 | Crypt:1  | Paralysed by something for 2 turns
 62331 | Crypt:1  | Received a gift from Sif Muna
 62336 | Crypt:1  | Got Sif Muna's Precepts of the Floating Pyromaniac {god
                  | gift}
 63788 | Crypt:1  | Reached skill level 15 in Summonings
 64129 | Crypt:2  | Noticed Boris
 65186 | Crypt:2  | Killed Boris
 65512 | Crypt:2  | Noticed a royal mummy
 65522 | Crypt:2  | Noticed a royal mummy
 65523 | Crypt:2  | Noticed a royal mummy
 65524 | Crypt:2  | Killed a royal mummy
 65679 | Crypt:2  | Killed a royal mummy
 65688 | Crypt:2  | Killed a royal mummy
 65828 | Crypt:2  | Noticed Jory
 65844 | Crypt:2  | Killed Jory
 66236 | Crypt:2  | Received a gift from Sif Muna
 66237 | Crypt:2  | Got Sif Muna's Book of Morbid Illusion {god gift}
 66283 | Crypt:2  | Learned a level 4 spell: Dispel Undead
 66661 | Crypt:2  | Found the +7 sceptre of Torment {pain, torment}
 66718 | Crypt:3  | Entered Level 3 of the Crypt
 66964 | Crypt:3  | Identified the ring of Xom's Reproof {rN+ Int+3}
 66964 | Crypt:3  | Identified the ring "Lufiriy" {rElec rPois rF+ rC- rN+}
 68160 | Crypt:3  | Found a staircase to the Tomb.
 68398 | Crypt:3  | Received a gift from Sif Muna
 68399 | Crypt:3  | Got Sif Muna's Tractate on the Squall and Shadows {god
                  | gift}
 68657 | Crypt:3  | Reached XP level 23. HP: 178/178 MP: 37/43
 68706 | Crypt:3  | Found an ancient bone altar of Kikubaaqudgha.
 69083 | Crypt:3  | Noticed an ancient lich
 69851 | Crypt:3  | Killed an ancient lich
 69875 | Crypt:3  | Identified the +1 pair of boots of Ennui {Fly rPois Slay-4
                  | Stlth+}
 69887 | Crypt:3  | Identified the ring of Xom's Capriciousness {rElec Dex+6}
 70352 | Depths:1 | Entered Level 1 of the Depths
 71098 | Orc:2    | Bought the +6 arbalest "Damnation" {damnation} for 1120
                  | gold pieces
 71098 | Orc:2    | Found the +6 arbalest "Damnation" {damnation}
 71525 | Depths:1 | Reached skill level 16 in Summonings
 71666 | Depths:1 | Noticed Asterion
 71677 | Depths:1 | Killed Asterion
 71684 | Depths:1 | Noticed Boris
 71694 | Depths:1 | Your ally Asterion died
 71698 | Depths:1 | Killed Boris
 72546 | Depths:1 | Received a gift from Sif Muna
 72547 | Depths:1 | Reached skill level 15 in Fighting
 72547 | Depths:1 | Got Sif Muna's Almanac of Hurtful Accomplices {god gift}
 72830 | Depths:1 | Found a gateway to Hell.
 73522 | Depths:2 | Found a transporter.
 73944 | Depths:2 | Found a one-way gateway to a ziggurat.
 74340 | Depths:2 | Reached skill level 17 in Summonings
 74485 | Depths:2 | Found a one-way gate leading to the halls of Pandemonium.
 75050 | Depths:2 | Found a transporter.
 75120 | Depths:2 | Noticed the Enchantress
 75132 | Depths:2 | Killed the Enchantress
 76007 | Depths:2 | Received a gift from Sif Muna
 76013 | Depths:2 | Got Sif Muna's Precepts of Shifting Confrontation {god
                  | gift}
 76148 | Depths:3 | Reached skill level 18 in Summonings
 76248 | Depths:3 | Noticed Saint Roka
 76402 | Depths:3 | Killed Saint Roka
 76906 | Depths:3 | Found the +2 Maxwell's thermic engine {flame, freeze}
 76912 | Depths:3 | Reached XP level 24. HP: 188/188 MP: 33/44
 77181 | Depths:3 | Found a one-way gate to the infinite horrors of the Abyss.
 77387 | Depths:3 | Identified the +1 robe "Enuhig" {rElec rCorr Int+2}
 77619 | Depths:3 | Received a gift from Sif Muna
 77632 | Depths:3 | Reached skill level 19 in Summonings
 77635 | Depths:3 | Got Sif Muna's Atlas of the Unstable Stinger {god gift}
 77955 | Depths:3 | Noticed Parghit
 78574 | Depths:3 | Killed Parghit
 78756 | Depths:3 | You fall into a shaft and drop 1 floor!
 78756 | Depths:4 | Entered Level 4 of the Depths
 78763 | Depths:4 | Found an opulent altar of Gozag.
 78908 | Depths:4 | Noticed Frederick
 78919 | Depths:4 | Killed Frederick
 79171 | Depths:3 | Learned a level 9 spell: Dragon's Call
 79538 | Depths:3 | Found a gateway to a bazaar.
 79604 | Depths:3 | Identified the ring "Kiorphaa" {Fly rC- rN+ rCorr Dex+3}
 80582 | Depths:4 | Found a gate to the Realm of Zot.
 80683 | Depths:4 | Reached skill level 20 in Summonings
 81516 | Depths:4 | Found a runed translucent gate.
 81517 | Depths:4 | Found a runed translucent gate.
 81518 | Depths:4 | Found a runed translucent gate.
 81519 | Depths:4 | Noticed Rosaxar's ghost (veteran MfGl)
 82422 | Depths:4 | Identified the +0 pair of gloves of Responsibility {rElec
                  | Will+ Slay+2}
 82477 | Depths:4 | Learned a level 6 spell: Death Channel
 82836 | Slime:1  | Entered Level 1 of the Pits of Slime
 85173 | Slime:3  | Noticed Dissolution
 85196 | Slime:3  | Killed Dissolution
 85676 | Slime:3  | Reached skill level 21 in Summonings
 86299 | Slime:4  | HP: 7/188 [very large slime creature (44)]
 86756 | Slime:5  | Entered Level 5 of the Pits of Slime
 87175 | Slime:5  | Found a viscous altar of Jiyva.
 87391 | Slime:5  | Noticed the Royal Jelly
 88457 | Slime:4  | Reached XP level 25. HP: 163/194 MP: 22/44
 89424 | Slime:5  | Killed the Royal Jelly
 90570 | Slime:5  | Found the ring of Shadows {Umbra +Inv Stlth+}
 90745 | Slime:5  | Identified the ring "Cuel" {rPois rN+}
 90752 | Slime:5  | Identified the ring "Xocapax" {*Slow Will+ Str+2 Int+8
                  | Dex-3}
 90796 | Slime:5  | Identified the +7 great mace of Cinik {vamp, +Blink rC+
                  | Int-3}
 90823 | Slime:5  | Identified the ring "Rust" {rF+ MP+9 Int+5}
 90831 | Slime:5  | Got a slimy rune of Zot
 90832 | Slime:5  | Identified the +4 trident "Urawycw" {spect, rN+ Will+ Str+4
                  | Stlth-}
 91411 | Zot:1    | Entered Level 1 of the Realm of Zot
 91440 | Zot:1    | Reached skill level 22 in Summonings
 92516 | Zot:2    | Noticed an orb of fire
 92532 | Zot:2    | Killed an orb of fire
 92920 | Zot:2    | Reached skill level 23 in Summonings
 93147 | Zot:2    | Noticed a dread lich
 93171 | Zot:2    | Killed a dread lich
 93970 | Zot:3    | Learned a level 5 spell: Yara's Violent Unravelling
 94316 | Zot:4    | Noticed an orb of fire
 94338 | Zot:3    | Killed an orb of fire
 95344 | Zot:4    | Reached skill level 24 in Summonings
 95611 | Zot:4    | Reached XP level 26. HP: 201/201 MP: 44/44
 98973 | Zot:5    | Entered Level 5 of the Realm of Zot
 99117 | Zot:5    | Identified the ring of Iqeih {Wiz rC+ rN+ Dex+6}
100573 | Zot:5    | Noticed an orb of fire
100590 | Zot:5    | Killed an orb of fire
100668 | Zot:5    | Noticed an orb of fire
100675 | Zot:5    | Noticed a dread lich
100693 | Zot:5    | Killed an orb of fire
100809 | Zot:5    | Killed a dread lich
101927 | Zot:5    | Noticed an orb of fire
101934 | Zot:5    | Noticed an orb of fire
101934 | Zot:5    | Killed an orb of fire
101936 | Zot:5    | Noticed an orb of fire
101936 | Zot:5    | Noticed an orb of fire
101936 | Zot:5    | Noticed an orb of fire
101938 | Zot:5    | Noticed an orb of fire
101965 | Zot:5    | Killed an orb of fire
101973 | Zot:5    | Noticed an orb of fire
101977 | Zot:5    | Noticed an orb of fire
101986 | Zot:5    | Killed from afar by an orb of fire

Illustrated notes

Levels and vault maps discovered:
D:1:      ebering_trefoil_twist, layout_loops_cross,
          shapermc_ecumenical_altar_ellora
D:2:      layout_loops_ring
D:3:      layout_loops_corners, gammafunk_ghost_stat_death, serial_shops,
          nicolae_shop_behind_doors, shop, nicolae_shop_window_shopping,
          nicolae_shop_waterfront, minmay_misc_feat_five,
          kennysheep_generic_room_9
D:4:      layout_loops_ring, grunt_temple_overflow_open, enter_ossuary_1
D:5:      layout_loops_ring, serial_rivers, chequers_serial_rivers_large_a,
          chequers_serial_rivers_marsh, chequers_serial_rivers_room_a,
          chequers_serial_rivers_room_a, chequers_serial_rivers_micro_c,
          chequers_serial_rivers_micro_e, uniq_duvessa
D:6:      layout_basic, serial_undead, serial_undead_c, serial_undead_c,
          serial_undead_a, serial_undead_b, kennysheep_cluttered_room,
          corexii_mini_fake_secret_closet
D:7:      layout_basic, nicolae_qazlal_style_of_elements,
          minmay_temple_entry_drinking_statues, ebering_ghost_reflecting_pool
D:8:      layout_basic
D:9:      layout_loops_ring, erik_lair_island, enter_bailey_5
D:10:     layout_basic, david_orc_3, dk_rats_in_the_wall
D:11:     layout_basic, serial_ice, serial_ice_f, serial_ice_e, serial_ice_c,
          serial_ice_d, serial_ice_i, serial_ice_n, serial_ice_h, serial_ice_o
D:12:     layout_layer_cave
D:13:     lemuel_slime, layout_cave_pools, statue_in_the_mist_lemuel,
          hangedman_abyss_or_decor_stabs, item_on_display_a
D:14:     layout_roguey, david_vaults_4, nicolae_water_bricks, chequers_jeans,
          reono_crystal_passage
D:15:     gammafunk_enter_depths_forms, layout_basic, hex_intersection,
          minmay_fractal_squares_5
Lair:1:   layout_loops_ring
Lair:2:   layout_gridlike, nicolae_swamp_entry_splash_gauntlet,
          dummy_snake_entry, uniq_erica, uniq_nergalle
Lair:3:   layout_loops_ring, hibernation_bobbens, uniq_snorg, uniq_nessos,
          uniq_gastronok
Lair:4:   layout_loops_ring, slime_entry_1, serial_bayou_shore_a,
          infiniplex_staircase_pool, uniq_josephine
Lair:5:   grunt_lair_end_beastmaster, layout_small_grid, gauntlet_entry_generic,
          infiniplex_staircase_pool_2, grunt_megastairs_5, lemuel_fruit_tree
Swamp:1:  layout_basic_swamp, nicolae_swamp_ascending_descending
Swamp:2:  layout_basic_swamp, evilmike_swamp_ruin_house_5
Swamp:3:  layout_basic_swamp, portal_ice_cave_entry_ice_simulacra,
          hangedman_swamp_ruin_hall
Swamp:4:  swamp_pestilence, layout_basic_swamp
Snake:1:  layout_misc_corridors, nicolae_snake_lava_pool
Snake:2:  layout_layer_cave, serial_shops, shop, minmay_shop_star,
          grunt_megastairs_2, uniq_jorgrun
Snake:3:  layout_basic, nicolae_stop_n_shop_1, nicolae_large_snake_swirl
Snake:4:  snake_pit_salamanders_mu, layout_misc_corridors,
          nicolae_snake_herptile_family_reunion
Slime:1:  layout_caves
Slime:2:  layout_caves
Slime:3:  layout_caves, dissolution_awaits
Slime:4:  layout_caves
Slime:5
Orc:1:    layout_caves, uniq_urug
Orc:2:    pubby_orc_utopia, serial_shops
Elf:1:    elf_arrival_001, layout_geoelf_grid, hellmonk_ghost_big_iron,
          hangedman_elf_disciples, nicolae_concentric_dashed_squares_mild,
          minmay_shop_grid_forest, nrook_uturn,
          nicolae_elf_vaults_five_recruitment_drive
Elf:2:    nicolae_elf_blades_crystal_corner, layout_gridlike,
          nicolae_shop_vocational
Elf:3:    minmay_elf_hall_spiked, layout_geoelf_castle, gammafunk_ghost_grave
Vaults:1: mu_enter_wizlab_4, vaults_dpeg_doors, hangedman_vaults_slither,
          nicolae_vaults_network_barrier, nicolae_vaults_shelves_hall,
          v_pattern_3, v_misc_1, vaults_dpeg_encased_lava,
          hangedman_vaults_trim, hangedman_vaults_maws, v_misc_13,
          layout_vaults_omnibox, enter_trove_3
Vaults:2: v_rooms_6, hangedman_vaults_restitches,
          nicolae_vaults_little_squares_5, vaults_dpeg_hooks, v_misc_30,
          vaults_room_corners, v_alt_pattern_6, layout_vaults_quadrants,
          serial_shops, shop
Vaults:3: nicolae_vaults_network_quinsquares
          [nicolae_vaults_network_quincunx_subvault,
          nicolae_vaults_network_quincunx_subvault,
          nicolae_vaults_network_quincunx_subvault,
          nicolae_vaults_network_quincunx_subvault], vaults_room_guarded_vault,
          minmay_crypt_entry_simple_box, ontoclasm_vaults_ring_square,
          v_alt_pattern_5, hangedman_vaults_river_flow,
          ontoclasm_vaults_ligature, v_misc_22, nicolae_vaults_asterisk,
          ontoclasm_vaults_claustrophobia, vaults_mumra_hexcomb, v_misc_23,
          hangedman_vaults_restitches, hangedman_vaults_capsules,
          layout_vaults_maze_bifur
Vaults:4: nicolae_vaults_network_periphery, vaults_room_door_hall,
          vaults_mumra_bighexcomb, ontoclasm_vaults_eye,
          nicolae_vaults_specimen_jars, v_misc_22, hangedman_vaults_slice,
          grunt_vaults_hallway_long, v_misc_17, dpeg_vaults_monster_box,
          hangedman_vaults_pinch, vaults_room_door_ring,
          nicolae_vaults_little_squares_2, layout_vaults_ring, uniq_sojobo
Crypt:1:  layout_rooms, grunt_crypt_arrival_split, grunt_megastairs_1
Crypt:2:  minmay_guarded_unrand_sceptre_of_torment, layout_basic, uniq_boris,
          uniq_jory
Crypt:3:  evilmike_haunted_forest
Depths:1: layout_gridlike, pf_hell_entry_tar_spiral, roderic_lattice_a,
          kilobyte_rumbling_trees, nicolae_integral_box, uniq_asterion
Depths:2: gammafunk_its_a_trap, layout_gridlike, enter_ziggurat_e,
          lightli_too_deep, rand_demon_pan_entry_5, uniq_enchantress
Depths:3: grunt_x_marks_the_spot, layout_honeycomb, dk_noncrumbling_2,
          serial_shops, bzr_entry_road, minmay_room_of_horrors, hell_entry,
          horrible_house_mu, minmay_staircase_statues, uniq_parghit,
          uniq_saint_roka, uniq_josephina
Depths:4: grunt_zot_entry_tricorne, layout_long_grid, serial_rivers,
          chequers_serial_rivers_marsh, chequers_serial_rivers_micro_e,
          chequers_serial_rivers_small_b, chequers_serial_rivers_marsh,
          chequers_serial_rivers_marsh, chequers_serial_rivers_micro_b,
          gammafunk_ghost_tricky_traps,
          nicolae_gozag_cash_rules_everything_around_me, hangedman_geh_valley,
          grunt_decor_resistance, uniq_frederick
Zot:1:    layout_onion_interference, grunt_megastairs_4
Zot:2:    lemuel_firehouse, layout_onion_interference, lemuel_lich_library
Zot:3:    layout_basic
Zot:4:    layout_misc_corridors
Zot:5:    layout_misc_corridors

Skill      XL: |  1  2  3  4  5  6  7  8  9 10 11 12 13 14 15 16 17 18 19 20 21 22 23 24 25 26 |
---------------+-------------------------------------------------------------------------------+-----
Spellcasting   | 3 4 5 6 8 9 12 13 15 16 17 20 | 20.1
Ice Magic      | 4 5 6 7 8 10 12 | 12.0
Summonings     | 1 2 4 6 8 10 11 12 13 15 18 21 24 | 24.0
Fighting       | 2 4 6 7 9 12 13 14 15 18 | 18.0
Evocations     | 2 6 7 |  7.0
Invocations    | 1 4 8 10 12 13 | 13.0
Dodging        | 4 8 11 12 13 14 | 14.0
Short Blades   | 2 |  2.0
Necromancy     | 5 10 12 13 14 15 | 15.0
Air Magic      | 3 6 |  6.0
Hexes          | 4 |  4.6
Earth Magic    | 3 5 |  5.0
Ranged Weapons | 6 10 12 13 14 | 14.0
Shields        | 4 5 |  5.0
Stealth        | |  1.7

Action                   |  1- 3 |  4- 6 |  7- 9 | 10-12 | 13-15 | 16-18 | 19-21 | 22-24 | 25-27 || total
-------------------------+-------+-------+-------+-------+-------+-------+-------+-------+-------++-------
Melee: Unarmed           |     4 |       |       |       |       |       |       |       |       ||     4
       Dagger            |    27 |   115 |    41 |       |       |       |       |       |       ||   183
       Punch             |       |     5 |     1 |       |       |       |       |       |       ||     6
       Halberd           |       |       |   104 |       |       |       |       |       |       ||   104
       Short sword       |       |       |    59 |   345 |   526 |       |       |       |       ||   930
       Demon trident     |       |       |       |       |   232 |     7 |       |       |       ||   239
 Fire: Sling             |       |       |       |       |       |   787 |  1149 |  1270 |   224 ||  3430
Throw: Dart              |       |     2 |     4 |     2 |     6 |       |       |       |       ||    14
       Throwing net      |       |       |       |       |       |       |       |     1 |     2 ||     3
 Cast: Freeze            |    86 |    46 |    44 |    41 |    69 |       |       |       |       ||   286
       Frozen Ramparts   |       |    25 |    38 |    63 |    27 |       |       |       |       ||   153
       Ozocubu's Armour  |       |     1 |     3 |    24 |    31 |       |       |       |       ||    59
       Summon Ice Beast  |       |       |    21 |    87 |   104 |     1 |     1 |       |       ||   214
       Summon Lightning  |       |       |       |     2 |   231 |    38 |     2 |       |       ||   273
       Simulacrum        |       |       |       |       |    35 |    38 |     2 |       |       ||    75
       Summon Mana Viper |       |       |       |       |     7 |    58 |    11 |       |     1 ||    77
       Borgnjor's Vile C |       |       |       |       |     3 |   239 |   370 |   404 |   154 ||  1170
       Animate Dead      |       |       |       |       |     1 |    15 |    12 |     1 |     2 ||    31
       Haunt             |       |       |       |       |       |       |    15 |   320 |    92 ||   427
       Dispel Undead     |       |       |       |       |       |       |       |    40 |     4 ||    44
       Death Channel     |       |       |       |       |       |       |       |     1 |     5 ||     6
       Dragon's Call     |       |       |       |       |       |       |       |       |    33 ||    33
       Summon Horrible T |       |       |       |       |       |       |       |       |     1 ||     1
Invok: Channel Magic     |       |       |       |       |     1 |    16 |    15 |    14 |    33 ||    79
       Divine Exegesis   |       |       |       |       |       |       |       |       |     3 ||     3
Evoke: Wand              |       |       |     4 |    17 |     7 |     5 |     2 |     2 |     6 ||    43
       Tin of tremorston |       |       |       |       |     2 |     7 |     5 |     5 |       ||    19
       Condenser vane    |       |       |       |       |       |       |     1 |     1 |     1 ||     3
       Phial of floods   |       |       |       |       |       |       |       |       |     2 ||     2
       Box of beasts     |       |       |       |       |       |       |       |       |     1 ||     1
       Phantom mirror    |       |       |       |       |       |       |       |       |     1 ||     1
  Use: Scroll            |       |     7 |     7 |     6 |    15 |     7 |     6 |    15 |    29 ||    92
 Stab: Sleeping          |     3 |     3 |     4 |       |     1 |       |       |       |       ||    11
       Invisible         |       |       |     2 |     1 |       |       |       |       |       ||     3
       Distracted        |       |       |     1 |       |     8 |     1 |       |       |       ||    10
Armor: Robe              |    20 |    25 |    64 |       |       |       |    73 |   268 |    96 ||   546
       Steam dragon scal |       |       |    12 |   128 |     2 |       |       |       |       ||   142
       Troll leather arm |       |       |       |       |   335 |   274 |    41 |       |       ||   650
Dodge: Dodged            |    80 |   137 |   318 |   387 |   900 |   454 |   355 |   697 |   211 ||  3539
Block: Buckler           |       |       |       |    54 |   188 |    86 |   133 |   115 |    39 ||   615
       Reflection        |       |       |       |     2 |    15 |     7 |    40 |     1 |     2 ||    67

Table legend: (Time is in decaauts)
 A = Elapsed time spent in this place.
 B = Non-inter-level travel time spent in this place.
 C = Inter-level travel time spent in this place.
 D = Time resting spent in this place.
 E = Time spent auto-exploring this place.
 F = Levels seen in this place.
 G = Mean time per level.
                   A        B        C        D        E       F      G
               +--------+--------+--------+--------+--------+-----+--------+
         Total | 101337 |  95122 |   6215 |  39574 |  31566 |  59 | 1717.6 |
       Dungeon |  21598 |  19386 |   2212 |   5951 |   8478 |  15 | 1439.9 |
          Lair |   9755 |   8702 |   1053 |   2934 |   3899 |   5 | 1951.0 |
         Swamp |   4225 |   4058 |    167 |   1356 |   1266 |   4 | 1056.2 |
     Snake Pit |   5801 |   5597 |    204 |   1409 |   2422 |   4 | 1450.2 |
    Slime Pits |   6018 |   5879 |    139 |   4191 |    380 |   5 | 1203.6 |
  Orcish Mines |   3552 |   2989 |    563 |    433 |   1301 |   2 | 1776.0 |
   Elven Halls |   6650 |   6179 |    471 |   2296 |   2488 |   3 | 2216.7 |
        Vaults |   8842 |   8478 |    364 |   3554 |   2967 |   4 | 2210.5 |
         Crypt |   8050 |   7806 |    244 |   3818 |   2108 |   3 | 2683.3 |
        Depths |  11441 |  11028 |    413 |   5681 |   3493 |   4 | 2860.2 |
           Zot |  10544 |  10163 |    381 |   5122 |   2190 |   5 | 2108.8 |
       Ossuary |    415 |    415 |      0 |    124 |     52 |   1 |  415.0 |
        Bailey |     45 |     45 |      0 |      0 |      2 |   1 |   45.0 |
      Ice Cave |   2120 |   2120 |      0 |   1335 |    162 |   1 | 2120.0 |
        Wizlab |   1169 |   1169 |      0 |    812 |     67 |   1 | 1169.0 |
      Gauntlet |   1106 |   1106 |      0 |    555 |    289 |   1 | 1106.0 |
               +--------+--------+--------+--------+--------+-----+--------+

Top non-repeatable levels by time:
Depths:2: 3306 daAuts
 Crypt:3: 3156 daAuts
Vaults:3: 3105 daAuts
Depths:1: 2898 daAuts
   Zot:5: 2884 daAuts
 Crypt:1: 2835 daAuts
    D:15: 2761 daAuts
    D:14: 2724 daAuts
   Elf:1: 2721 daAuts
 Slime:4: 2657 daAuts
Depths:3: 2644 daAuts
Depths:4: 2591 daAuts
   Orc:2: 2587 daAuts
  Lair:4: 2531 daAuts
   Elf:3: 2527 daAuts
